 Dungeon Crawl Stone Soup version 0.26.1-2-gb8aa6d0cf2 (webtiles) character file.

Game seed: 14450812844993858036

494 nightchill the Chiller (level 7, -5/52 HPs)
             Began as a Merfolk Ice Elementalist on Mar 9, 2021.
             Killed from afar by an orc wizard (8 damage)
             ... with a magic dart
             ... on level 4 of the Dungeon.
             The game lasted 00:10:30 (4758 turns).

nightchill the Chiller (Merfolk Ice Elementalist)   Turns: 4758, Time: 00:10:31

Health: -5/52      AC:  5    Str:  9    XL:     7   Next: 15%
Magic:  6/11       EV: 13    Int: 16    God:
Gold:   134        SH:  0    Dex: 14    Spells: 8/12 levels left

rFire    . . .     SeeInvis .   p - +0 trident
rCold    . . .     Faith    .   (no shield)
rNeg     . . .     Spirit   .   w - +0 robe
rPois    .         Reflect  .   n - +0 helmet
rElec    .         Harm     .   (no cloak)
rCorr    .         Rampage  .   h - +0 pair of gloves
Will     .....                  k - +0 pair of boots
Stlth    ++........             (no amulet)
HPRegen  0.17/turn              (no ring)
MPRegen  0.12/turn              (no ring)

@: no status effects
A: change form in water, swift swim, stealthy swim
a: no special abilities


You were on level 4 of the Dungeon.
You visited 1 branch of the dungeon, and saw 4 of its levels.

You collected 134 gold pieces.

Inventory:

Hand Weapons
 a - a +0 spear
 b - a +0 club
 g - a +0 hunting sling
 p - a +0 trident (weapon)
Armour
 h - a +0 pair of gloves (worn)
 k - a +0 pair of boots (worn)
 n - a +0 helmet (worn)
 o - +0 fire dragon scales
 w - a +0 robe (worn)
Scrolls
 e - a scroll of teleportation {unknown}
 j - 3 scrolls of enchant armour {unknown}
 m - a scroll of fog {unknown}
Potions
 i - 2 potions of might
 l - a potion of lignification


   Skills:
 + Level 3.5 Fighting
 * Level 5.2 Polearms
 - Level 2.6 Dodging
 - Level 2.1 Stealth
 - Level 3.0 Spellcasting
 + Level 6.5 Ice Magic


You had 8 spell levels left.
You knew the following spells:

 Your Spells              Type           Power        Failure   Level
a - Freeze                Ice            92%          1%          1
b - Frozen Ramparts       Ice            46%          3%          3

Your spell library contained the following spells:

 Spells                   Type           Power        Failure   Level
 Ozocubu's Armour         Ice            23%          3%          3
 Hailstorm                Conj/Ice       12%          43%         4
 Summon Ice Beast         Ice/Summ       12%          43%         4


Dungeon Overview and Level Annotations

Branches:
Dungeon (4/15)
 Temple: D:4-7

Altars:
Nemelex Xobeh
Okawaru
Sif Muna
Uskayaw

Annotations:
D:3 exclusion: downstairs


Message History

The orc hits you with a +0 whip.
* * * LOW HITPOINT WARNING * * *
Your Polearms skill increases to level 5!
You have reached level 7!
Casting: Freeze (safe; 1% risk of failure)
Confirm with . or Enter, or press ? or * to list all spells.
Aiming: Freeze (safe; 1% risk of failure)
Press: ? - help, Shift-Dir - straight line, f - orc priest
Aim: an orc priest, wielding a +0 flail and wearing a +0 leather armour (severely wounded)
You freeze the orc priest!
You kill the orc priest!
The orc closely misses you.
Unknown command.
Your frozen ramparts will break if you move.
Continue?
The frozen ramparts melt away as you move.
The orc completely misses you.
An orc wizard comes into view. It is wielding a +0 dagger of venom.
The orc wizard gestures at you while chanting.
The magic dart hits you!
You die...

o..##.. ##....#.. ###........
####..........
##.......⌠!⌠... .#
#...#<...._.... ####.#.#
#..##..Zo⌠.⌠#..# .....>#
#.###.o##..o...### ......#
#<.#O.......#..@.###.#...###
##.#.###.###..#......#..##.##
#.O...# ## #....o..#.........
#.......# #..#..........#...
#..........o..#..............
###........## #......))...###
##..#..o.# #......<#..[.#
...##...##.........##.....
..## ..(....#......# .....


You could see an orc wizard and an orc.

Vanquished Creatures
  An ogre (D:4)
  A centaur (D:3)
  A hound (D:3)
  4 orc priests
  A centaur skeleton (D:3)
  3 gnolls (D:3)
  2 adders (D:2)
  2 oozes (D:1)
  2 worms
  2 dart slugs (D:1)
  A leopard gecko (D:2)
  8 orcs
  2 ball pythons
  9 bats
  4 giant cockroaches
  5 goblins
  11 hobgoblins
  9 jackals
  9 kobolds
  3 quokkas
  5 frilled lizards
  6 rats
91 creatures vanquished.

Notes
Turn   | Place    | Note
-------+----------+-------------------------------------------
     0 | D:1      | nightchill the Merfolk Ice Elementalist began the quest for
                  | the Orb.
     0 | D:1      | Reached XP level 1. HP: 13/13 MP: 3/3
   232 | D:1      | Reached XP level 2. HP: 20/20 MP: 0/5
   655 | D:1      | Reached skill level 1 in Fighting
  1162 | D:1      | Reached skill level 5 in Ice Magic
  1162 | D:1      | Reached XP level 3. HP: 21/26 MP: 1/6
  1221 | D:1      | Learned a level 3 spell: Frozen Ramparts
  2136 | D:2      | Reached XP level 4. HP: 25/32 MP: 3/7
  2280 | D:2      | Reached skill level 1 in Polearms
  2925 | D:3      | Reached XP level 5. HP: 31/38 MP: 5/9
  3983 | D:3      | Reached skill level 6 in Ice Magic
  4089 | D:3      | Reached XP level 6. HP: 38/46 MP: 6/10
  4228 | D:3      | Found a shimmering blue altar of Sif Muna.
  4228 | D:3      | Found a hide-covered altar of Uskayaw.
  4229 | D:3      | Found an iron altar of Okawaru.
  4543 | D:4      | Found a sparkling altar of Nemelex Xobeh.
  4741 | D:4      | Noticed a phantom
  4751 | D:4      | HP: 1/47 [orc/+0 whip (2)]
  4752 | D:4      | Reached skill level 5 in Polearms
  4752 | D:4      | Reached XP level 7. HP: 2/52 MP: 6/11
  4758 | D:4      | Killed from afar by an orc wizard

Illustrated notes

Levels and vault maps discovered:
D:1:      saegor_arrival_simple_d, layout_basic, dk_noncrumbling_2,
          kennysheep_small_spiral
D:2:      layout_rooms, serial_glass, glass_columns_a, glass_columns_b,
          due_unseen_surprise, minmay_strange_pillars, minmay_strange_pillars
D:3:      layout_basic, gammafunk_temple_overflow_claw, serial_co_window_serial,
          co_window_paths_b, co_window_paths_b, co_window_corner_a,
          co_window_of_opportunity_a, co_window_corner_a, co_window_paths_a,
          co_window_corner_a, co_window_cross_1, co_window_paths_a,
          co_window_cross_3, co_window_broadway_c, co_window_corner_b,
          glass_columns_c
D:4:      layout_cave_pools, nemelex_xobeh_ov_fountains_minmay,
          makhleb_altar_promises_db

Skill      XL: |  1  2  3  4  5  6 |
---------------+-------------------+-----
Fighting       | 1 2 3 |  3.5
Ice Magic      | 5 6 |  6.5
Polearms       | 1 3 5 |  5.2
Spellcasting   | 3 |  3.0
Dodging        | |  2.6
Stealth        | |  2.1

Action                   |  1- 3 |  4- 6 |  7- 9 || total
-------------------------+-------+-------+-------++-------
Melee: Club              |    37 |       |       ||    37
       Spear             |    21 |   120 |       ||   141
       Trident           |       |    13 |       ||    13
 Cast: Freeze            |    35 |    14 |     1 ||    50
       Frozen Ramparts   |     3 |    13 |       ||    16
  Use: Scroll            |       |     5 |       ||     5
       Potion            |       |     1 |       ||     1
 Stab: Sleeping          |     3 |     2 |       ||     5
Armor: Robe              |    11 |    36 |       ||    47
Dodge: Dodged            |    64 |   103 |     2 ||   169
